 Dungeon Crawl Stone Soup version 0.19.5 (webtiles) character file.

254 Dulcramidge the Caller (level 5, -3/28 HPs)
             Began as a Deep Elf Summoner on Apr 6, 2017.
             Slain by antares's ghost (13 damage)
             ... on level 4 of the Dungeon.
             The game lasted 00:26:40 (2527 turns).

Dulcramidge the Caller (Deep Elf Summoner)          Turns: 2527, Time: 00:26:40

Health: -3/28      AC:  3    Str:  5    XL:     5   Next: 90%
Magic:  3/14       EV: 13    Int: 26    God:
Gold:   290        SH:  0    Dex: 15    Spells: 4 memorised, 4 levels left

rFire  . . .     SeeInvis .     n - +3 quarterstaff (chaos)
rCold  . . .     Gourm    .     a - +0 robe
rNeg   . . .     Faith    +     (shield currently unavailable)
rPois  +         Spirit   .     (no helmet)
rElec  .         Reflect  .     m - +0 cloak {rPois}
rCorr  .         Harm     .     (no gloves)
MR     .....                    (no boots)
Stlth  ++........               d - amulet of faith
                                (no ring)
                                o - +5 ring of intelligence

@: no status effects
A: no striking features
a: no special abilities


You were on level 4 of the Dungeon.
You were not hungry.

You visited 1 branch of the dungeon, and saw 4 of its levels.

You collected 290 gold pieces.

Inventory:

Hand Weapons
 n - a +3 quarterstaff of chaos (weapon)
Armour
 a - a +0 robe (worn)
 m - a +0 cloak of poison resistance (worn)
Jewellery
 d - an amulet of faith (around neck)
 o - a +5 ring of intelligence (left hand)
Wands
 k - a wand of acid (5/15)
Scrolls
 g - a scroll of teleportation {unknown}
 j - a scroll of recharging {unknown}
 l - a scroll of remove curse {unknown}
Potions
 e - 5 potions of curing
 f - a potion of invisibility
 i - 2 potions of cure mutation
 q - a potion of degeneration
 r - a potion of haste {unknown}
 t - a potion of brilliance {unknown}
 v - a potion of berserk rage
Books
 b - a book of Callings

   Spells                             Type                      Level
   a - Summon Small Mammal            Summoning                    1
   b - Call Imp                       Summoning                    2
   c - Call Canine Familiar           Summoning                    3
   d - Summon Guardian Golem          Hexes/Summoning              3
   e - Summon Lightning Spire         Summoning/Air                4
   f - Summon Ice Beast               Ice/Summoning                4
Comestibles
 c - a bread ration
 h - a meat ration
 p - 5 fruits
 s - a slice of pizza


   Skills:
 + Level 0.4 Fighting
   Level 0.8 Short Blades
 + Level 2.2 Staves
 + Level 3.3 Dodging
 + Level 3.4 Stealth
 + Level 4.8 Spellcasting
 + Level 5.5 Summonings


You had 4 spell levels left.
You knew the following spells:

 Your Spells              Type           Power        Failure   Level  Hunger
a - Summon Small Mammal   Summ           ####         1%          1    None
b - Call Imp              Summ           #####...     1%          2    None
c - Summon Guardian Gole  Hex/Summ       ###.....     10%         3    ##.....
d - Call Canine Familiar  Summ           #####...     2%          3    ##.....


Dungeon Overview and Level Annotations

Branches:
Dungeon (4/15)
 Temple: D:4-7

Altars:
Cheibriados
Okawaru

Annotations:
D:4 Grinder; antares's ghost, novice MfGl


Message History

You can move again.
Unknown command.
Casting: Call Imp
Confirm with . or Enter, or press ? or * to list all spells.
A guardian golem appears, shielding your allies.
Antares's ghost turns its malevolent gaze towards you.
Grinder barely misses your white imp.
Your white imp barely misses Grinder.
Your white imp gestures at Grinder.
The puff of frost hits Grinder.
Grinder resists.
Casting: Summon Guardian Golem
Confirm with . or Enter, or press ? or * to list all spells.
Grinder blinks!
Grinder hits your guardian golem.
Grinder blinks!
You closely miss antares's ghost.
Your hound closely misses antares's ghost.
Your hound barely misses antares's ghost.
Antares's ghost keens inconsolably.
Antares's ghost hits you!
You die...

#...... ....##. ......######
#...... ....... .....#....# #
##......
.......####....#...$##..
......#.
........................ .....
#. ........................
..... #.
..............#.........
.....##.
..............#.5.......
........
.........5....'h@5......
^.......
.............ยง#8W.......
........
..............#.........
........
..........)............#
######..
####...................# #.....
#...................# #.....
#...........#############.....
....###........................
.... #>.......................


You could see Grinder, antares's ghost, a friendly guardian golem, a friendly
hound and 2 friendly white imps.

Vanquished Creatures
  6 adders
  3 worms
  A dart slug (D:2)
  2 leopard geckos
  An orc (D:3)
  A giant cockroach (D:2)
  2 goblins
  3 hobgoblins
  3 jackals
  5 kobolds
  A quokka (D:3)
  2 ball pythons
  3 bats
  2 frilled lizards
  5 rats
40 creatures vanquished.

Vanquished Creatures (collateral kills)
  Edmund (D:4)
  An orc wizard (D:3)
  Crazy Yiuf (D:2)
  An orc priest (D:3)
  An adder (D:2)
  2 worms
  2 dart slugs
  7 orcs (D:3)
  5 bats
  3 goblins
  6 hobgoblins
  5 jackals (D:2)
  2 kobolds (D:1)
  A ball python (D:2)
  3 frilled lizards (D:1)
  4 rats
45 creatures vanquished.

Grand Total: 85 creatures vanquished

Notes
Turn   | Place    | Note
-------+----------+-------------------------------------------
     0 | D:1      | Dulcramidge the Deep Elf Summoner began the quest for the Orb.
     0 | D:1      | Reached XP level 1. HP: 10/10 MP: 6/6
   399 | D:1      | Reached XP level 2. HP: 13/15 MP: 5/8
   403 | D:1      | Learned a level 2 spell: Call Imp
   850 | D:2      | Reached XP level 3. HP: 10/19 MP: 7/10
   902 | D:2      | Learned a level 3 spell: Summon Guardian Golem
  1002 | D:2      | Reached skill level 5 in Summonings
  1133 | D:2      | Found a runed door.
  1314 | D:2      | Noticed Crazy Yiuf
  1332 | D:2      | Killed Crazy Yiuf
  1421 | D:2      | Reached XP level 4. HP: 24/24 MP: 9/12
  1793 | D:3      | Reached skill level 1 in Staves
  1829 | D:3      | Reached XP level 5. HP: 23/28 MP: 2/14
  1834 | D:3      | Learned a level 3 spell: Call Canine Familiar
  2061 | D:3      | Found an iron altar of Okawaru.
  2085 | D:3      | Found a snail-covered altar of Cheibriados.
  2492 | D:4      | Noticed Edmund
  2509 | D:4      | Killed Edmund
  2512 | D:4      | Noticed Grinder
  2515 | D:4      | Paralysed by Grinder for 7 turns
  2521 | D:4      | Noticed antares's ghost (novice MfGl)
  2527 | D:4      | Slain by antares's ghost

Skill      XL: |  1  2  3  4  5 |
---------------+----------------+-----
Spellcasting   | 4 |  4.8
Summonings     | 5 |  5.5
Dodging        | 3 |  3.3
Staves         | 1 2 |  2.2
Stealth        | 3 |  3.4
Fighting       | |  0.4
Short Blades   | |  0.8

Action                   |  1- 3 |  4- 6 || total
-------------------------+-------+-------++-------
Melee: Short sword       |    36 |       ||    36
       Dagger            |    12 |       ||    12
       Quarterstaff      |     2 |    74 ||    76
 Cast: Summon Small Mamm |    35 |       ||    35
       Call Imp          |    15 |    14 ||    29
       Summon Guardian G |     2 |     2 ||     4
       Call Canine Famil |       |     4 ||     4
  Use: Scroll            |       |     5 ||     5
 Stab: Sleeping          |     1 |     7 ||     8
       Petrified         |       |     4 ||     4
       Paralysed         |       |     3 ||     3
       Petrifying        |       |     1 ||     1
  Eat: Beef jerky        |     2 |       ||     2
       Bread ration      |       |     1 ||     1
Armor: Robe              |    19 |    11 ||    30
Dodge: Dodged            |    75 |    47 ||   122
